 Dungeon Crawl Stone Soup version 0.28-a0-10-g964c8b829e (webtiles) character file.

Game seed: 2676319701617103593

194 Sin92 the Skirmisher (level 5, -16/63 HPs)
             Began as a Demonspawn Fighter on July 25, 2021.
             Demolished by a two-headed ogre (18 damage)
             ... on level 4 of the Dungeon.
             The game lasted 00:05:02 (2551 turns).

Sin92 the Skirmisher (Demonspawn Fighter)           Turns: 2551, Time: 00:05:02

Health: -16/63     AC: 15    Str: 17    XL:     5   Next: 44%
Magic:  5/5        EV:  3    Int:  9    God:
Gold:   163        SH:  9    Dex: 13    Spells: 4/4 levels left

rFire   . . .      SeeInvis .   a - +1 war axe
rCold   . . .      Faith    .   c - +0 kite shield
rNeg    . . .      Spirit   .   j - +0 plate armour
rPois   .          Reflect  .   (no helmet)
rElec   .          Harm     .   (no cloak)
rCorr   .          Rampage  .   (no gloves)
Will    .....                   (no boots)
Stlth   ..........              (no amulet)
HPRegen 0.20/turn               e - +4 ring of protection
MPRegen 0.09/turn               (no ring)

@: berserking, very quick
A: hooves 2, powered by death 1
a: no special abilities


You were on level 4 of the Dungeon.
You visited 1 branch of the dungeon, and saw 4 of its levels.

You collected 163 gold pieces.

Inventory:

Hand Weapons
 a - a +1 war axe (weapon)
Armour
 b - a +0 scale mail
 c - a +0 kite shield (worn)
 j - a +0 plate armour (worn)
Jewellery
 e - a +4 ring of protection (left hand)
Scrolls
 h - a scroll of silence
 m - a scroll of fog
Potions
 d - a potion of might
 f - a potion of invisibility {unknown}
 g - a potion of berserk rage
 i - a potion of attraction {unknown}


   Skills:
 + Level 3.7 Fighting
 * Level 3.4 Axes
 + Level 3.3 Armour
 + Level 1.5 Dodging
 + Level 3.3 Shields


You had 4 spell levels left.
You didn't know any spells.
Your spell library contained the following spells:

 Spells                   Type           Power      Damage    Failure   Level
 Frozen Ramparts          Ice            0%         1d2       100%        3
 Ice Form                 Ice/Tmut       0%         N/A       100%        4
 Summon Ice Beast         Ice/Summ       0%         N/A       100%        4


Dungeon Overview and Level Annotations

Branches:
Dungeon (4/15)
 Temple: D:4-7

Altars:
Ashenzari
Cheibriados


Innate Abilities, Weirdness & Mutations

You have hoof-like feet.
You regenerate a little health from kills.


Message History

The dart slug is almost dead.
You block the dart slug's attack.
Unknown command.
A dart slug is nearby!
You hit the dart slug.
You kill the dart slug!
No target in view!
No target in view!
m - a scroll of fog A two-headed ogre comes into view.
It is wielding two +0 giant spiked clubs.
You see here 18 gold pieces.
A two-headed ogre is nearby!
You slash the two-headed ogre! You kick the two-headed ogre.
The two-headed ogre is moderately wounded.
The two-headed ogre barely misses you. You block the two-headed ogre's attack.
The two-headed ogre hits you with a +0 giant spiked club!
The two-headed ogre barely misses you.
You hit the two-headed ogre. Your kick misses the two-headed ogre.
The two-headed ogre is moderately wounded.
The two-headed ogre hits you with a +0 giant spiked club! x2
* * * LOW HITPOINT WARNING * * *
A two-headed ogre is nearby!
Unknown command.
You are too injured to fight recklessly!
A two-headed ogre is nearby!
Unknown command.
Okay, then.
It was a potion of magic.
Magic courses through your body.
The two-headed ogre hits you with a +0 giant spiked club.
* * * LOW HITPOINT WARNING * * *
The two-headed ogre hits you with a +0 giant spiked club.
* * * LOW HITPOINT WARNING * * *
As you read the scroll labelled CECRA JYCADEPH, it crumbles to dust.
It is a scroll of enchant weapon.
Your +0 war axe glows red for a moment.
It was a potion of berserk rage.
A red film seems to cover your vision as you go berserk!
You feel yourself moving faster!
You feel mighty!
The two-headed ogre hits you with a +0 giant spiked club!!
You die...

#.#..<.# ####.....#
#.......## .####..#
#...#####. ..# #..#
#..$# #. ###.###..#
##..# #. ##.#.#....#
#..# #. ##.#..#.##.#
### #..# #.
#.###.#)##.# ##.# ...#
#.####.#..#....####.#.
#...#@###.#..........#
##$#O#.#..#.#######...
########.#...# ##.#
##..##.# #.#
#...##.######.#
#._.##.....##.#
#...#####.....# ....#
#..#### ###### #..#


You could see a two-headed ogre.

Vanquished Creatures
  A jelly (D:3)
  A bullfrog skeleton (D:4)
  A centaur skeleton (D:3)
  4 adders
  A worm (D:2)
  2 dart slugs
  3 ball pythons
  9 endoplasms
  A giant cockroach (D:4)
  5 goblins
  8 hobgoblins
  2 jackals (D:1)
  9 kobolds
  2 quokkas (D:1)
  6 bats
  A frilled lizard (D:3)
  4 rats
60 creatures vanquished.

Vanquished Creatures (others)
  11 plants
11 creatures vanquished.

Grand Total: 71 creatures vanquished

Notes
Turn   | Place    | Note
-------+----------+-------------------------------------------
     0 | D:1      | Sin92 the Demonspawn Fighter began the quest for the Orb.
     0 | D:1      | Reached XP level 1. HP: 18/18 MP: 1/1
   213 | D:1      | Gained mutation: You regenerate a little health from kills.
                  | [demonic ancestry]
   213 | D:1      | Reached XP level 2. HP: 24/24 MP: 2/2
   435 | D:1      | Reached XP level 3. HP: 29/29 MP: 3/3
  1442 | D:2      | Reached skill level 1 in Dodging
  1579 | D:2      | Gained mutation: You have large cloven feet. [demonic
                  | ancestry]
  1579 | D:2      | Reached XP level 4. HP: 35/35 MP: 4/4
  1797 | D:3      | Found a broken altar of Ashenzari.
  2213 | D:3      | Gained mutation: You have hoof-like feet. [demonic
                  | ancestry]
  2213 | D:3      | Reached XP level 5. HP: 35/41 MP: 5/5
  2486 | D:4      | Found a snail-covered altar of Cheibriados.
  2542 | D:4      | Noticed a two-headed ogre
  2546 | D:4      | HP: 1/42 [two-headed ogre (3)]
  2551 | D:4      | Demolished by a two-headed ogre

Illustrated notes

Levels and vault maps discovered:
D:1:      lemuel_arrival_broad_hall, layout_loops_ring, serial_bayou_lagoon_a,
          minmay_liquid_box, chequers_serial_rivers_marsh, st_stairs_7
D:2:      layout_loops_cross
D:3:      wad_lake_hut, layout_loops_ring, cheibrodos_ashenzari_chains,
          serial_glass, glass_columns_c, glass_columns_a, feat_on_display,
          minmay_cut_off
D:4:      layout_loops_ring, vehumet_altar_wand_db, cheibriados_altar_1,
          minmay_small_thing

Skill      XL: |  1  2  3  4 |
---------------+-------------+-----
Axes           | 2 3 |  3.4
Shields        | 3 |  3.3
Armour         | 3 |  3.3
Dodging        | 1 |  1.5
Fighting       | |  3.7

Action                   |  1- 3 |  4- 6 || total
-------------------------+-------+-------++-------
Melee: War axe           |   134 |    51 ||   185
       Kick              |       |    14 ||    14
  Use: Scroll            |     2 |     3 ||     5
       Potion            |       |     2 ||     2
Armor: Scale mail        |    76 |     6 ||    82
       Plate armour      |       |    39 ||    39
Dodge: Dodged            |    35 |    15 ||    50
Block: Kite shield       |    76 |    30 ||   106

Table legend: (Time is in decaauts)
 A = Elapsed time spent in this place.
 B = Non-inter-level travel time spent in this place.
 C = Inter-level travel time spent in this place.
 D = Time resting spent in this place.
 E = Time spent auto-exploring this place.
 F = Levels seen in this place.
 G = Mean time per level.
                   A        B        C        D        E       F      G
               +--------+--------+--------+--------+--------+-----+--------+
         Total |   2724 |   2639 |     85 |      0 |   2028 |   4 |  681.0 |
       Dungeon |   2724 |   2639 |     85 |      0 |   2028 |   4 |  681.0 |
               +--------+--------+--------+--------+--------+-----+--------+

Top non-repeatable levels by time:
     D:1: 883 daAuts
     D:3: 857 daAuts
     D:2: 843 daAuts
     D:4: 139 daAuts
